AoeStats
← Joaquito

Arabia

507212451Analyzed
1v1 RM · 14d ago on Sep 17, 2026· 41m 13s· 2 players
Game mode
Random Map
Map size
Tiny (2 player)
Population
200
Speed
Normal
Resources
Standard
Victory
Conquest
Starting age
Dark Age
Ending age
Imperial Age
RankedLock teamsTeams togetherTeam positionsShared explorationLock speedFull tech treeHidden civsTurbo modeCheats
Victory
Defeat
🇦🇷 Sicilians · Argentina
944
+18
🇨🇱 Wu · Chile
996
-44
Toiletw9
5:13 Loom
11:37 Feudal Age
18:43 Castle Age
17:18 Double-Bit Axe
17:27 Horse Collar
18:44 Scale Mail Armor
18:51 Gold Mining
20:28 Wheelbarrow
20:59 Chain Mail Armor
21:59 Forging
25:52 Hand Cart
25:31 Stone Mining
26:19 Gold Shaft Mining
26:33 Town Watch
27:49 Iron Casting
28:43 Arson
28:58 Squires
29:43 Heavy Plow
30:47 Fletching
31:37 Bodkin Arrow
31:58 Bow Saw
32:34 Stone Shaft Mining
34:32 Masonry
43:34 Imperial Age
Joaquito
8:52 Loom
11:25 Feudal Age
11:41 Man-at-Arms
12:11 Double-Bit Axe
21:43 Castle Age
20:05 Scale Mail Armor
20:35 Forging
22:15 Scale Barding Armor
23:22 Bloodlines
Connection lost

Rejoining the realm…

Still unreachable

The connection could not be restored.

Session expired

The server has moved on; the page needs a fresh start.